 Dungeon Crawl Stone Soup version 0.22-a0-617-g6d95e9e (webtiles) character file.

10770 sking99 the Unseen (level 11, -10/67 (69) HPs)
             Began as a Spriggan Enchanter on July 12, 2018.
             Was a Follower of Ashenzari.
             Splashed by an oklob plant's acid (12 damage)
             ... on level 11 of the Dungeon.
             The game lasted 00:28:27 (12792 turns).

sking99 the Unseen (Spriggan Enchanter)            Turns: 12792, Time: 00:28:28

HP:   -10/67 (69)   AC:  0    Str:  7    XL:     11   Next: 40%
MP:   16/16         EV: 26    Int: 18    God:    Ashenzari [*.....]
Gold: 701           SH:  0    Dex: 16    Spells: 5/16 levels left

rFire    + . .     SeeInvis +   C - +0 dagger (venom)
rCold    + . .     Gourm    .   (shield restricted)
rNeg     . . .     Faith    .   k - +2 robe "Itaereet" {SInv}
rPois    +         Spirit   .   (helmet restricted)
rElec    .         Reflect  .   D - scarf {rC+ rF+}
rCorr    .         Harm     .   (gloves unavailable)
MR       +....                  (boots unavailable)
Stlth    +++++++...             y - amulet of Vitality {Regen+ HP+15}
HPRegen  0.61/turn              u - ring of poison resistance
MPRegen  0.15/turn              (no ring)

@: corroded, very quick
A: very small, unfitting armour, see invisible, herbivore, speed 3, slow
metabolism 2
a: Curse Item, Scrying, Renounce Religion


You were on level 11 of the Dungeon.
You worshipped Ashenzari.
Ashenzari was aware of your devotion.
You were not hungry.

You visited 1 branch of the dungeon, and saw 11 of its levels.
You also visited: Ossuary.

You collected 854 gold pieces.
You spent 153 gold pieces at shops.

Inventory:

Hand Weapons
 C - a +0 dagger of venom (weapon)
Armour
 k - the +2 robe "Itaereet" (worn) {SInv}
   (You bought it in a shop on level 8 of the Dungeon)

   It lets you see invisible.
 D - a scarf of resistance (worn)
Jewellery
 b - an uncursed ring of wizardry
 n - an uncursed amulet of regeneration
 u - a ring of poison resistance (left hand)
 w - an uncursed ring of resist corrosion
 y - the amulet of Vitality (around neck) {Regen+ HP+15}
   (You found it on level 9 of the Dungeon)

   [amulet of regeneration]

   It affects your health (+15).
   It increases your rate of regeneration.
Wands
 r - a wand of random effects (16)
 v - a wand of iceblast (18)
 B - a wand of flame (17)
Scrolls
 a - a scroll of brand weapon {unknown}
 f - 2 scrolls of fear
 g - 4 scrolls of enchant weapon
 h - 6 scrolls of teleportation
 m - 2 scrolls of immolation
 p - 2 scrolls of magic mapping
 t - 3 scrolls of identify
Potions
 c - a potion of lignification {unknown}
 e - 4 potions of curing
 i - 3 potions of magic {unknown}
 j - 3 potions of haste
 l - 3 potions of degeneration
 o - a potion of ambrosia {unknown}
 q - a potion of invisibility
 s - a potion of flight {unknown}
 x - 4 potions of brilliance {unknown}
 A - 2 potions of berserk rage {unknown}
Miscellaneous
 z - a phantom mirror
Comestibles
 d - 8 rations


   Skills:
 + Level 4.7 Fighting
 + Level 6.5 Short Blades
 - Level 10.0 Dodging
 * Level 18.0 Stealth
 - Level 3.0 Spellcasting
 - Level 10.1 Hexes


You had 5 spell levels left.
You knew the following spells:

 Your Spells              Type           Power        Failure   Level  Hunger
a - Ensorcelled Hibernat  Hex/Ice        ###...       3%          2    ##.....
b - Confuse               Hex            #####...     1%          3    ###....
c - Tukima's Dance        Hex            #####...     1%          3    ###....
d - Dazzling Spray        Conj/Hex       ###...       6%          3    ###....

Your spell library contained the following spells:

 Spells                   Type           Power        Failure   Level  Hunger
 Spider Form              Tmut/Pois      #.........   43%         3    ###....
 Blade Hands              Tmut           #.........   99%         5    ######.
 Ice Form                 Ice/Tmut       #.......     85%         4    ####...
 Sticks to Snakes         Tmut           #.......     24%         2    ##.....
 Corona                   Hex            #####..      1%          1    None
 Beastly Appendage        Tmut           #.....       16%         1    None


Dungeon Overview and Level Annotations

Branches:
Dungeon (11/15)            Temple (0/1) D:6            Lair (0/6) D:11
    Orc: D:9-12

Altars:
Ashenzari
Dithmenos
Hepliaklqana
Kikubaaqudgha
Okawaru
Qazlal
Ru
Sif Muna
Trog
Uskayaw
Xom
Zin
The Shining One

Shops:
D:4 }   D:8 [*

Annotations:
D:11 exclusion: 2 oklob plants
Abyss:1 Sonja


Innate Abilities, Weirdness & Mutations

You are very small and have problems with some larger weapons.
You are too small for most types of armour.
You have supernaturally acute eyesight. (SInv)
You are a herbivore.
You cover ground extremely quickly.
You need to consume almost no food.


Message History

The oklob plant is severely damaged.
You hit the oklob plant but do no damage.
The oklob plant is severely damaged.
You hit the oklob plant but do no damage.
The oklob plant is severely damaged.
You hit the oklob plant but do no damage.
The oklob plant looks as sick as possible!
The oklob plant is severely damaged.
You hit the oklob plant but do no damage.
The oklob plant is severely damaged.
You hit the oklob plant but do no damage.
The oklob plant is severely damaged.
The oklob plant spits acid at you. The splash of acid hits you!
You are splashed with acid!
The acid burns!
* * * LOW HITPOINT WARNING * * *
The oklob plant spits acid at you. The splash of acid hits you!
* * * LOW HITPOINT WARNING * * *
You are splashed with acid!
The acid burns!
You die...

...†...#.#.......#
###......#.......#
.# #...####..#....#
..#
#...####..#..#.##..
#.................
#........###.....
#.....#...≈...#.
#....#..#...#..#
#..#.#.##...##@#
#....#..PPPP...#
#..###≈..P>PP.≈#
#.. #..PPPPP..# #.
#.##P.P##.# #.
#...#..#
.#...≈...#. .
...###.. .. ... ...


You could see 2 oklob plants.

Vanquished Creatures
  Harold (D:10)
  A two-headed ogre (D:10)
  An unseen horror (D:10)
  A flayed ghost (D:9)
  An ugly thing (D:11)
  A hornet (D:8)
  Grinder (D:3)
  A hippogriff (D:9)
  4 wraiths (D:9)
  A vampire (D:10)
  A spriggan (D:7)
  A shadow (D:9)
  Eustachio (D:4)
  2 wyverns
  6 yaks
  A fire bat (D:9)
  Menkaure (D:4)
  Edmund (D:4)
  2 black bears
  3 orc warriors
  3 ice beasts
  6 sky beasts
  A necrophage (D:10)
  6 ogres
  3 centaurs
  A crocodile (D:9)
  2 elf zombies (Ossuary)
  A big kobold (D:9)
  3 bullfrogs
  7 scorpions
  A water moccasin skeleton (D:9)
  4 crimson imps
  A centaur zombie (D:5)
  4 hounds
  5 orc priests
  A bullfrog skeleton (D:7)
  4 jellies
  4 iguanas
  A centaur skeleton (D:6)
  3 worker ants
  5 orc wizards
  A big kobold zombie (Ossuary)
  2 hound zombies
  A hound skeleton (D:6)
  2 mummies (Ossuary)
  3 worker ant zombies
  10 adders
  4 gnolls
  A river rat (D:3)
  3 shadow imps
  An ooze (D:2)
  An adder skeleton (D:7)
  2 adder zombies
  2 worms
  8 leopard geckos
  29 orcs
  17 bats
  7 giant cockroaches
  3 gnoll zombies (Ossuary)
  6 goblins
  6 hobgoblins
  4 jackals (D:6)
  4 quokkas
  3 frilled lizards
  A giant cockroach zombie (D:5)
  3 goblin zombies (Ossuary)
  A hobgoblin zombie (Ossuary)
  A jackal zombie (D:8)
  7 kobolds
  A leopard gecko zombie (D:5)
  4 orc zombies (Ossuary)
  2 quokka skeletons
  A quokka zombie (D:5)
  7 rats
246 creatures vanquished.

Vanquished Creatures (collateral kills)
  A two-headed ogre (D:10)
  An orc (D:10)
2 creatures vanquished.

Vanquished Creatures (others)
  A dancing weapon (D:9)
  A plant (D:11)
2 creatures vanquished.

Grand Total: 250 creatures vanquished

Notes
Turn   | Place    | Note
-------+----------+-------------------------------------------
     0 | D:1      | sking99 the Spriggan Enchanter began the quest for the Orb.
     0 | D:1      | Reached XP level 1. HP: 9/9 MP: 5/5
   166 | D:1      | Reached XP level 2. HP: 13/13 MP: 6/6
   462 | D:1      | Learned a level 2 spell: Ensorcelled Hibernation
   494 | D:1      | Reached skill level 5 in Stealth
   523 | D:1      | Reached XP level 3. HP: 12/16 MP: 2/8
  1392 | D:2      | Reached XP level 4. HP: 21/21 MP: 6/9
  1397 | D:2      | Found an iron altar of Okawaru.
  1397 | D:2      | Found a bloodstained altar of Trog.
  1643 | D:2      | Reached skill level 6 in Stealth
  1865 | D:3      | Found a hazy altar of Hepliaklqana.
  1964 | D:3      | Noticed Grinder
  2059 | D:2      | Learned a level 3 spell: Confuse
  2063 | D:2      | Learned a level 3 spell: Tukima's Dance
  2089 | D:3      | Killed Grinder
  2089 | D:3      | Reached skill level 7 in Stealth
  2089 | D:3      | Reached skill level 5 in Hexes
  2089 | D:3      | Reached XP level 5. HP: 12/24 MP: 2/10
  2208 | D:3      | Reached XP level 6. HP: 24/28 MP: 8/11
  2343 | D:3      | You fall through a shaft for 2 floors!
  2343 | D:5      | Entered Level 5 of the Dungeon
  2343 | D:5      | Noticed a sky beast
  2345 | D:5      | Killed a sky beast
  2345 | D:5      | Reached skill level 5 in Dodging
  2351 | D:5      | Reached skill level 8 in Stealth
  2685 | D:5      | Reached XP level 7. HP: 29/32 MP: 1/12
  2888 | D:4      | Found a deep blue altar of Sif Muna.
  2959 | D:4      | Noticed Menkaure
  2974 | D:4      | Killed Menkaure
  2974 | D:4      | Reached skill level 9 in Stealth
  3089 | D:4      | Noticed Eustachio
  3096 | D:4      | Noticed Edmund
  3273 | D:4      | Killed Edmund
  4089 | D:3      | Reached skill level 10 in Stealth
  4551 | D:4      | Killed Eustachio
  4551 | D:4      | Reached XP level 8. HP: 36/36 MP: 6/13
  4746 | D:4      | Found Hemurasho's Gadget Shop.
  5535 | D:6      | Found a shattered altar of Ashenzari.
  6028 | D:6      | Reached skill level 11 in Stealth
  6196 | D:6      | Found an ancient bone altar of Kikubaaqudgha.
  6215 | D:6      | Found a staircase to the Ecumenical Temple.
  6261 | D:6      | Found a stormy altar of Qazlal.
  6650 | D:6      | Became a worshipper of Ashenzari the Shackled
  6705 | D:7      | Found a sand-covered staircase.
  6710 | Ossuary  | Entered an ossuary
  6736 | Ossuary  | Learned a level 3 spell: Dazzling Spray
  7453 | D:7      | Found a hide-covered altar of Uskayaw.
  7473 | D:7      | Found a shimmering altar of Xom.
  7484 | D:7      | Reached skill level 12 in Stealth
  7539 | D:7      | Reached XP level 9. HP: 39/39 MP: 11/14
  7928 | D:8      | Reached skill level 10 in Hexes
  7960 | D:8      | Reached * piety under Ashenzari
  8058 | D:8      | Reached skill level 13 in Stealth
  8390 | D:8      | Found Inaff's Antique Armour Boutique.
  8414 | D:8      | Bought a fabulously ornate robe for 153 gold pieces
  8424 | D:8      | Identified the +2 robe "Itaereet" {SInv} (You bought it in a shop on level 8 of the Dungeon)
  8755 | D:8      | Reached skill level 14 in Stealth
  9130 | D:8      | Found Zin's Purification Station.
  9133 | D:8      | Reached skill level 1 in Fighting
  9147 | D:8      | Found a glowing silver altar of Zin.
  9407 | D:9      | Reached XP level 10. HP: 45/45 MP: 8/15
  9508 | D:9      | Reached skill level 10 in Dodging
  9997 | D:9      | Reached skill level 15 in Stealth
 10275 | D:9      | Found a hide-covered altar of Uskayaw.
 10328 | D:9      | Found a runed door.
 10346 | D:9      | Found a shattered altar of Ashenzari.
 10354 | D:9      | Found a glowing golden altar of the Shining One.
 10385 | D:9      | Found a sacrificial altar of Ru.
 10405 | D:9      | Found a shadowy altar of Dithmenos.
 10613 | D:9      | Noticed a flayed ghost
 10614 | D:9      | Found the amulet of Vitality {Regen+ HP+15}
 10616 | D:9      | Killed a flayed ghost
 10616 | D:9      | Reached skill level 16 in Stealth
 10641 | D:9      | Found a bloodstained altar of Trog.
 10914 | D:9      | Found a glowing golden altar of the Shining One.
 10996 | D:9      | Reached skill level 5 in Short Blades
 11172 | D:10     | Entered Level 10 of the Dungeon
 11277 | D:10     | Noticed Harold
 11283 | D:10     | Noticed a two-headed ogre
 11284 | D:10     | Killed Harold
 11291 | D:10     | Killed a two-headed ogre
 11291 | D:10     | Reached skill level 17 in Stealth
 11291 | D:10     | Reached XP level 11. HP: 53/53 MP: 16/16
 11513 | D:10     | Noticed a two-headed ogre
 11557 | D:10     | Killed a two-headed ogre
 11747 | D:10     | Noticed an unseen horror
 11762 | D:10     | Killed an unseen horror
 12693 | D:11     | Noticed a white ugly thing
 12695 | D:11     | Killed a white ugly thing
 12700 | D:11     | Noticed Sonja
 12712 | D:11     | Banished Sonja
 12712 | D:11     | Reached skill level 18 in Stealth
 12718 | D:11     | Noticed an oklob plant
 12719 | D:11     | Noticed an oklob plant
 12721 | D:11     | Found a staircase to the Lair.
 12792 | D:11     | HP: 2/67 [oklob plant/splash of acid (16)]
 12792 | D:11     | Splashed by an oklob plant's acid

Vault maps used:
D:1:      minmay_arrival_doors
D:2:      amethyst_overflow_temple_binary, hangedman_decor_push
D:3:      nicolae_overflow_hidden_temple, gup_sewer_entry_spiral, uniq_grinder
D:4:      lemuel_blue_sif_altar, serial_shops, kennysheep_mini,
          minmay_misc_feat_more_columns, uniq_edmund, uniq_menkaure,
          uniq_eustachio
D:5:      first_ration
D:6:      cheibrodos_ashenzari_chains, kennysheep_mini_moat, temple_statues,
          lemuel_tele_altar
D:7:      black_bear_nest_2, eat_drink_and_be_merry_uskayaw, basic_altar,
          enter_ossuary_2, the_bakery
D:8:      zin_purify, serial_shops, shop, kennysheep_nub, dk_rats_in_the_wall
D:9:      due_megacathedral, nicolae_tso_carved_into_rock
D:10:     uniq_harold
D:11:     minmay_the_grid_3x2, dpeg_oklobed_lair, orc_0_dummy, special_room,
          serial_bayou_lagoon_b, uniq_josephine, uniq_sonja
Ossuary:  minmay_ossuary_gauntlet

Skill      XL: |  1  2  3  4  5  6  7  8  9 10 11 |
---------------+----------------------------------+-----
Hexes          | 4 5 6 8 9 10 | 10.1
Stealth        | 5 7 8 10 12 14 17 18 | 18.0
Spellcasting   | 3 |  3.0
Dodging        | 4 5 6 8 9 10 | 10.0
Fighting       | 1 4 |  4.7
Short Blades   | 2 5 6 |  6.5

Action                   |  1- 3 |  4- 6 |  7- 9 | 10-12 || total
-------------------------+-------+-------+-------+-------++-------
Melee: Dagger            |    60 |    44 |   308 |   209 ||   621
 Cast: Ensorcelled Hiber |    15 |    14 |   133 |    97 ||   259
       Confuse           |       |     7 |    32 |    15 ||    54
       Tukima's Dance    |       |     1 |     2 |     4 ||     7
       Dazzling Spray    |       |       |     4 |       ||     4
  Use: Scroll            |       |       |    16 |       ||    16
       Potion            |       |       |     1 |       ||     1
 Stab: Sleeping          |    28 |    10 |    95 |    57 ||   190
       Confused          |       |     5 |    17 |     7 ||    29
       Invisible         |       |       |     4 |       ||     4
       Distracted        |       |       |       |     1 ||     1
  Eat: Ration            |       |     1 |     9 |     5 ||    15
Armor: Robe              |     4 |       |    14 |    16 ||    34
Dodge: Dodged            |    31 |    22 |   268 |   257 ||   578

Table legend:
 A = Spawn XP
 B = Non-spawn XP
 C = Spawn XP percentage of total XP
 D = Spawn monster count
 E = Non-spawn monster count
 F = Spawn count percentage of total count
 G = Total turns spent on level
                    A         B        C        D         E        F      G
               +---------+---------+-------+---------+---------+-------+---------
         Total |       0 |   15386 |   0.0 |       0 |     249 |   0.0 | 12792
               +---------+---------+-------+---------+---------+-------+---------
           D:1 |       0 |      44 |   0.0 |       0 |      19 |   0.0 |   741
           D:2 |       0 |      70 |   0.0 |       0 |      19 |   0.0 |  1176
           D:3 |       0 |     385 |   0.0 |       0 |      13 |   0.0 |  1128
           D:4 |       0 |     733 |   0.0 |       0 |      15 |   0.0 |  1254
           D:5 |       0 |     435 |   0.0 |       0 |      18 |   0.0 |  1290
           D:6 |       0 |     575 |   0.0 |       0 |      22 |   0.0 |  1085
           D:7 |       0 |     742 |   0.0 |       0 |      16 |   0.0 |   847
           D:8 |       0 |    1933 |   0.0 |       0 |      29 |   0.0 |  1352
           D:9 |       0 |    4465 |   0.0 |       0 |      47 |   0.0 |  1850
          D:10 |       0 |    4997 |   0.0 |       0 |      32 |   0.0 |  1521
          D:11 |       0 |     739 |   0.0 |       0 |       3 |   0.0 |    99
       Ossuary |       0 |     268 |   0.0 |       0 |      16 |   0.0 |   449
               +---------+---------+-------+---------+---------+-------+---------
